 Dungeon Crawl Stone Soup version 0.31-a0-799-g6bc09d010c (webtiles) character file.

Game seed: 15599984986397379653

10340 Strat the Tainter (level 11, -1/86 HPs)
             Began as a Demonspawn Venom Mage on Sept 15, 2023.
             Was a Believer of Sif Muna.
             Slain by a red ugly thing (14 damage)
             ... on level 12 of the Dungeon on Sept 19, 2023.
             The game lasted 00:49:53 (15795 turns).

Strat the Tainter (Demonspawn Venom Mage)          Turns: 15795, Time: 00:49:54

Health: -1/86      AC:  7    Str:  9    XL:     11   Next: 34%
Magic:  11/22      EV: 17    Int: 20    God:    Sif Muna [**....]
Gold:   662        SH:  5    Dex: 14    Spells: 9/25 levels left

rFire   . . .        a - staff of poison
rCold   . . .        f - orb {*channel}
rNeg    . . .        G - +2 robe {Will+}
rPois   +            (helmet restricted)
rElec   .            w - +2 cloak {rCorr}
rCorr   +            (no gloves)
SInv    .            (no boots)
Will    +....        i - amulet of reflection
Stlth   ++           r - ring of wizardry
HPRegen 0.34/turn    J - +5 ring of evasion
MPRegen 0.18/turn

%: reflection, wizardry (x1), channel magic (20%)
@: no status effects
A: antennae 1, claws 2, foul stench 1, spiny 3, weakness stinger 1
a: Renounce Religion, Channel Magic


You were on level 12 of the Dungeon.
You worshipped Sif Muna.
Sif Muna was pleased with you.
You visited 2 branches of the dungeon, and saw 13 of its levels.

You collected 707 gold pieces.
You spent 45 gold pieces at shops.

Inventory:

Hand Weapons
 b - a +4 morningstar of freezing
 e - a +1 short sword
 v - a +2 quarterstaff of chaos
Missiles
 B - a throwing net
Armour
 d - a +1 robe
 f - an orb of energy (worn)
 h - a +2 ring mail of poison resistance
 w - a +2 cloak of preservation (worn)
 G - a +2 robe of willpower (worn)
Magical Staves
 a - a staff of poison (weapon)
Jewellery
 i - an amulet of reflection (around neck)
 r - a ring of wizardry (left claw)
 E - a ring of willpower
 I - an amulet of faith
 J - a +5 ring of evasion (right claw)
 L - a +6 ring of strength
Talismans
 k - a talisman of death
 F - a blade talisman
Wands
 p - a wand of iceblast (11)
 s - a wand of flame (27)
 H - a wand of mindburst (6)
 K - a wand of paralysis (6)
Scrolls
 j - a scroll of silence {unknown}
 m - 2 scrolls of enchant weapon
 o - 2 scrolls of fog
 q - 2 scrolls of blinking
 t - a scroll of immolation
 y - 6 scrolls of identify
 A - a scroll of revelation {unknown}
 C - a scroll of amnesia
 D - a scroll of enchant armour
Potions
 c - 3 potions of magic
 g - 2 potions of mutation
 l - 3 potions of brilliance
 n - 2 potions of curing
 x - a potion of lignification


   Skills:
 + Level 8.2 Fighting
 - Level 1.7 Dodging
 - Level 1.7 Stealth
 + Level 7.9 Spellcasting
 - Level 7.0 Conjurations
 - Level 4.0 Hexes
 - Level 0.8 Transmutations
 - Level 5.0 Air Magic
 - Level 10.0 Poison Magic


You had 9 spell levels left.
You knew the following spells:

 Your Spells              Type           Power      Damage    Failure   Level
a - Sting                 Tmut/Pois      100%       1d8       1%          1
b - Poisonous Vapours     Pois/Air       100%       N/A       1%          2
c - Mephitic Cloud        Conj/Pois/Air  54%        N/A       2%          3
d - Olgreb's Toxic Radia  Pois           64%        N/A       2%          4
e - Blink                 Tloc           14%        N/A       12%         2
f - Fulminant Prism       Conj/Hex       14%        3d8       9%          4

Your spell library contained the following spells:

 Spells                   Type           Power      Damage    Failure   Level
 Magic Dart               Conj           100%       1d8       1%          1
 Jinxbite                 Hex            46%        N/A       4%          2
 Ensorcelled Hibernation  Hex/Ice        30%        N/A       7%          2
 Call Imp                 Summ           14%        N/A       12%         2
 Inner Flame              Hex/Fire       15%        N/A       12%         3
 Flame Wave               Conj/Fire      21%        2d8       17%         4
 Iskenderun's Mystic Bla  Conj/Tloc      21%        2d6       17%         4
 Sticky Flame             Conj/Fire      21%        2d4       17%         4
 Volatile Blastmotes      Fire/Tloc      14%        2d11      21%         3
 Summon Lightning Spire   Summ/Air       17%        N/A       24%         4
 Anguish                  Hex/Necr       7%         N/A       28%         4
 Animate Armour           Summ/Erth      14%        N/A       50%         4
 Manifold Assault         Tloc           7%         N/A       50%         4
 Lee's Rapid Deconstruct  Erth           3%         3d5*      80%         5
 Discord                  Hex            11%        N/A       100%        8
 Ignition                 Fire           3%         3d4       100%        8


Dungeon Overview and Level Annotations

Branches:
Dungeon (12/15)            Temple (1/1) D:4
   Lair: D:8-11         Orc: D:9-12

Altars:
Ashenzari
Cheibriados
Dithmenos
Fedhas
Gozag
Hepliaklqana
Kikubaaqudgha
Makhleb
Nemelex Xobeh
Okawaru
Qazlal
Ru
Sif Muna
Trog
Vehumet
Xom
Yredelemnul

Shops:
D:6 *   D:12 !

Annotations:
D:9 Harold, Psyche


Innate Abilities, Weirdness & Mutations

You have a pair of small antennae on your head.
You have very sharp fingernails.
You may rarely emit foul miasma when damaged in melee.
You are completely covered in sharp spines.
You have a small tail.


Message History

There is an open door here.
Your toxic aura wanes.
You open the door.
Found Epaul's Distillery.
Found a mace.
The wraith attacks as it pursues you! The wraith misses you.
A howler monkey comes into view.
There is an open door here.
Aiming: Mindburst
Press: ? - help, Shift-Dir - straight line, f - wraith
Aim: a wraith (severely damaged, chance to affect: 29%)
The wraith easily resists.
The howler monkey howls!
You block the wraith's attack.
A boulder beetle comes into view.
As you read the scroll of fear, it crumbles to dust.
You assume a fearsome visage.
The howler monkey looks frightened!
The boulder beetle easily resists.
The wraith is unaffected.
The acid dragon looks frightened!
The wraith hits you!
* * * LOW HITPOINT WARNING * * *
The boulder beetle leaps!
Unknown command.
As you read the scroll of teleportation, it crumbles to dust.
You feel strangely unstable. The wraith is struck by your spines.
You destroy the wraith!
Sif Muna accepts your kill.
The boulder beetle curls into a ball and begins rolling!
You are no longer corroded.
The boulder beetle hits you!!!
* * * LOW HITPOINT WARNING * * *
The boulder beetle stops rolling and uncurls.
You hear a shout!
Your surroundings suddenly seem different.
A red ugly thing, an orc and a cyan ugly thing come into view.
Found a sharpened bone wand.
The red ugly thing gurgles horribly!
The cyan ugly thing gurgles horribly!
The red ugly thing is struck by your spines.
The red ugly thing tentacle-slaps you.
* * * LOW HITPOINT WARNING * * *
You are engulfed in flames!
You die...

##########
#........#
#...u....###
#...@....uo.
#...........
#...........
#......../..
#######.....
..... ....
....


You could see 2 ugly things and an orc.

Vanquished Creatures
  A two-headed ogre (D:11)
  2 manticores (D:11)
  Maurice (D:9)
  A komodo dragon (D:11)
  A troll (D:12)
  Grinder (D:3)
  22 yaks
  2 wraiths
  3 vampire mosquitoes (D:10)
  3 steam dragons
  A swamp worm (D:7)
  5 water moccasins
  2 orc warriors
  2 sky beasts
  An ice beast (D:6)
  3 centaurs
  3 ogres
  3 kobold brigands
  4 gnoll sergeants
  2 scorpions
  11 wights
  2 electric eels (D:10)
  2 howler monkeys
  A hound (D:5)
  4 orc priests
  Crazy Yiuf (D:6)
  A gnoll bouda (D:6)
  3 jellies
  Jessica (D:3)
  3 iguanas
  5 orc wizards
  Robin (D:2)
  11 adders
  15 gnolls
  A shadow imp (D:8)
  5 worms
  4 dart slugs
  40 orcs
  9 ball pythons
  8 endoplasms
  2 giant cockroaches (D:4)
  15 goblins
  7 hobgoblins
  9 jackals
  5 quokkas
  5 bats
  7 frilled lizards
  21 kobolds
  9 rats
  A fulminant prism (D:9)
272 creatures vanquished.

Vanquished Creatures (collateral kills)
  A kobold brigand (D:8)
  3 kobolds (D:8)
4 creatures vanquished.

Vanquished Creatures (others)
  A gnoll (D:8)
  A quokka (D:3)
  32 fulminant prisms
34 creatures vanquished.

Grand Total: 310 creatures vanquished

Notes
Turn   | Place    | Note
-------+----------+-------------------------------------------
     0 | D:1      | Strat the Demonspawn Venom Mage began the quest for the
                  | Orb.
     0 | D:1      | Reached XP level 1. HP: 13/13 MP: 3/3
   327 | D:1      | Discovered your monstrous ancestry.
   327 | D:1      | Gained mutation: You have sharp fingernails. [demonic
                  | ancestry]
   327 | D:1      | Reached XP level 2. HP: 16/19 MP: 3/5
   350 | D:1      | Learned a level 2 spell: Poisonous Vapours
   664 | D:1      | Reached skill level 4 in Poison Magic
   936 | D:1      | Gained mutation: You may rarely emit foul miasma when
                  | damaged in melee. [demonic ancestry]
   936 | D:1      | Reached XP level 3. HP: 24/24 MP: 6/6
  1556 | D:2      | Learned a level 3 spell: Mephitic Cloud
  2053 | D:2      | Gained mutation: You have a pair of small antennae on your
                  | head. [demonic ancestry]
  2053 | D:2      | Reached XP level 4. HP: 29/30 MP: 1/7
  2216 | D:2      | Reached skill level 5 in Poison Magic
  2535 | D:2      | Noticed Robin
  2866 | D:2      | Killed Robin
  2867 | D:2      | Reached skill level 1 in Air Magic
  2954 | D:3      | Noticed Grinder
  3027 | D:3      | Noticed a sky beast
  3070 | D:3      | Killed a sky beast
  3071 | D:3      | Gained mutation: You are partially covered in sharp spines.
                  | [demonic ancestry]
  3071 | D:3      | Reached XP level 5. HP: 27/35 MP: 4/8
  3116 | D:3      | Noticed Jessica
  3138 | D:3      | Killed Jessica
  3680 | D:3      | Gained mutation: You have very sharp fingernails. [demonic
                  | ancestry]
  3680 | D:3      | Reached XP level 6. HP: 39/41 MP: 5/9
  4008 | D:3      | Paralysed by Grinder for 3 turns
  4052 | D:3      | Killed Grinder
  4053 | D:3      | Reached skill level 6 in Poison Magic
  5005 | D:4      | Found a staircase to the Ecumenical Temple.
  5009 | Temple   | Entered the Ecumenical Temple
  5138 | D:4      | Gained mutation: You are mostly covered in sharp spines.
                  | [demonic ancestry]
  5138 | D:4      | Reached XP level 7. HP: 46/46 MP: 6/10
  5985 | D:4      | Reached skill level 7 in Poison Magic
  6654 | D:5      | Entered Level 5 of the Dungeon
  6991 | D:5      | Learned a level 4 spell: Olgreb's Toxic Radiance
  7745 | D:5      | Found a sacrificial altar of Ru.
  7935 | D:6      | Reached XP level 8. HP: 37/52 MP: 11/11
  8134 | D:7      | Reached skill level 5 in Conjurations
  8134 | D:7      | Reached skill level 8 in Poison Magic
  8335 | D:7      | Identified the +7 dagger of Tenacity {holy, rCorr Int+3}
  8573 | D:6      | Reached skill level 5 in Air Magic
  8880 | D:6      | Found Cetoo's General Store.
  8919 | D:6      | Bought a scroll of teleportation for 45 gold pieces
  8991 | D:6      | Reached skill level 9 in Poison Magic
  9164 | D:6      | Found a runed translucent door.
  9165 | D:6      | Noticed Crazy Yiuf
  9179 | D:6      | Killed Crazy Yiuf
  9180 | D:6      | Gained mutation: You are completely covered in sharp
                  | spines. [demonic ancestry]
  9180 | D:6      | Reached XP level 9. HP: 54/57 MP: 7/12
  9832 | D:7      | Reached skill level 10 in Poison Magic
 10020 | D:8      | Reached skill level 1 in Fighting
 11322 | D:9      | Noticed Maurice
 11335 | D:9      | Killed Maurice
 11490 | D:9      | Upgraded the game from 0.31-a0-765-g67fe2935dc to
                  | 0.31-a0-795-g5eb97db20b
 11615 | Temple   | Became a worshipper of Sif Muna the Loreminder
 11778 | D:9      | Noticed Psyche
 11886 | D:9      | Noticed Harold
 11892 | D:9      | Reached skill level 5 in Spellcasting
 11896 | D:8      | Reached skill level 5 in Fighting
 12048 | D:8      | Learned a level 2 spell: Blink
 12053 | D:8      | Learned a level 4 spell: Fulminant Prism
 12076 | D:9      | Gained mutation: You have a small tail. [demonic ancestry]
 12076 | D:9      | Reached XP level 10. HP: 69/74 MP: 12/17
 12079 | D:9      | Reached skill level 1 in Hexes
 13024 | D:10     | Entered Level 10 of the Dungeon
 13137 | D:10     | Reached * piety under Sif Muna
 13262 | D:10     | Found a burning altar of Makhleb.
 13464 | D:10     | Upgraded the game from 0.31-a0-795-g5eb97db20b to
                  | 0.31-a0-799-g6bc09d010c
 13921 | D:10     | Found a stormy altar of Qazlal.
 13980 | D:10     | Found a broken altar of Ashenzari.
 14498 | D:11     | Noticed a manticore
 14523 | D:11     | Killed a manticore
 14528 | D:11     | Noticed a manticore
 14747 | D:11     | Reached ** piety under Sif Muna
 14761 | D:11     | Reached XP level 11. HP: 59/84 MP: 4/21
 14907 | D:11     | Noticed a two-headed ogre
 14924 | D:11     | Killed a two-headed ogre
 15786 | D:12     | Found Epaul's Distillery.
 15789 | D:12     | Noticed a boulder beetle
 15795 | D:12     | Noticed a red ugly thing
 15795 | D:12     | Noticed a cyan ugly thing
 15795 | D:12     | Slain by a red ugly thing

Illustrated notes

Levels and vault maps discovered:
D:1:      reono_arrival_forest_river, layout_loops_corners
D:2:      layout_loops_ring, uniq_robin
D:3:      layout_loops_corners, elyvilon_altar_4, kennysheep_generic_room_5,
          uniq_grinder, uniq_jessica
D:4:      layout_loops_cross, minmay_temple_entry_steel_oval
D:5:      layout_loops_cross, nicolae_ru_sacrificial_ziggurat
D:6:      layout_cave_pools, serial_shops, shop, grunt_tough_drop,
          uniq_crazy_yiuf_cottage
D:7:      layout_rooms, dk_noncrumbling_3, worms_lemuel
D:8:      layout_rooms, kennysheep_minor_cross
D:9:      layout_roguey, nicolae_uskayaw_dance_studio,
          mainiacjoe_overflow_alcove_4, lair_entry_dummy, uniq_maurice,
          uniq_psyche, uniq_harold
D:10:     layout_irregular_city, lemuel_tele_altar, nicolae_overflow_squiral,
          cheibrodos_ashenzari_chains, corner_web_ring
D:11:     layout_loops_cross
D:12:     nzn_winding_woodlands_small [nzn_winding_woodlands_5x15_eye,
          nzn_winding_woodlands_center_pierced_h,
          nzn_winding_woodlands_5x15_parted], layout_basic, hiddenorc2_lemuel,
          serial_shops, shop
Temple:   jpeg_temple_clearing

Skill      XL: |  1  2  3  4  5  6  7  8  9 10 11 |
---------------+----------------------------------+-----
Poison Magic   | 4 5 6 7 9 10 | 10.0
Air Magic      | 2 3 5 |  5.0
Conjurations   | 2 4 5 7 |  7.0
Fighting       | 5 7 8 |  8.2
Spellcasting   | 5 6 7 |  7.9
Hexes          | 4 |  4.0
Dodging        | |  1.7
Stealth        | |  1.7
Transmutations | |  0.8

Action                     |  1- 3 |  4- 6 |  7- 9 | 10-12 || total
---------------------------+-------+-------+-------+-------++-------
  Melee: Short sword       |    69 |    79 |       |       ||   148
         Unarmed           |     1 |       |       |       ||     1
         Punch             |     1 |       |       |       ||     1
         Staff             |       |    29 |   142 |    59 ||   230
         Tailslap          |       |       |       |    12 ||    12
         Morningstar       |       |       |       |     2 ||     2
   Cast: Sting             |    50 |    28 |    13 |       ||    91
         Poisonous Vapours |     4 |    47 |   113 |     8 ||   172
         Mephitic Cloud    |       |       |    33 |    19 ||    52
         Fulminant Prism   |       |       |       |    33 ||    33
         Olgreb's Toxic Ra |       |       |       |    31 ||    31
         Blink             |       |       |       |     2 ||     2
  Evoke: Wand              |       |       |     8 |     1 ||     9
    Use: Scroll            |       |    11 |     8 |     2 ||    21
         Potion            |       |     1 |     5 |     1 ||     7
   Stab: Sleeping          |     2 |     4 |       |       ||     6
         Confused          |       |       |     5 |     2 ||     7
 Armour: Robe              |    39 |    72 |   131 |    72 ||   314
         Skin              |       |       |    27 |       ||    27
  Dodge: Dodged            |    60 |    68 |   100 |    52 ||   280
  Block: Other             |     6 |    31 |       |       ||    37
         Orb               |       |       |    40 |    19 ||    59
         Reflection        |       |       |     5 |     2 ||     7

Table legend: (Time is in decaauts)
 A = Elapsed time spent in this place.
 B = Non-inter-level travel time spent in this place.
 C = Inter-level travel time spent in this place.
 D = Time resting spent in this place.
 E = Time spent auto-exploring this place.
 F = Levels seen in this place.
 G = Mean time per level.
                   A        B        C        D        E       F      G
               +--------+--------+--------+--------+--------+-----+--------+
         Total |  15858 |  14977 |    881 |   3518 |   7601 |  13 | 1219.8 |
       Dungeon |  15816 |  14971 |    845 |   3518 |   7601 |  12 | 1318.0 |
        Temple |     41 |      6 |     35 |      0 |      0 |   1 |   41.0 |
               +--------+--------+--------+--------+--------+-----+--------+

Top non-repeatable levels by time:
     D:4: 1999 daAuts
     D:3: 1898 daAuts
     D:8: 1863 daAuts
    D:10: 1565 daAuts
     D:1: 1549 daAuts
     D:2: 1401 daAuts
     D:6: 1321 daAuts
     D:5: 1302 daAuts
    D:11: 1149 daAuts
     D:7: 998 daAuts
     D:9: 703 daAuts
    D:12: 63 daAuts
  Temple: 41 daAuts
